 Dungeon Crawl Stone Soup version 0.22.1-2-g9c5b331 (webtiles) character file.

228 senseless the Ruffian (level 5, 0/47 HPs)
             Began as a Minotaur Monk on Jan 5, 2019.
             Slain by a gnoll
             ... wielding a +0 whip
              (5 damage)
             ... on level 3 of the Dungeon.
             The game lasted 00:12:17 (2899 turns).

senseless the Ruffian (Minotaur Monk)               Turns: 2899, Time: 00:12:18

Health: 0/47       AC:  2    Str: 17    XL:     5   Next: 70%
Magic:  4/4        EV: 14    Int:  7    God:
Gold:   84         SH:  0    Dex: 12    Spells: 4/4 levels left

rFire    . . .     SeeInvis .     - Unarmed
rCold    . . .     Gourm    .   (no shield)
rNeg     . . .     Faith    .   a - +0 robe
rPois    .         Spirit   .   (helmet restricted)
rElec    .         Reflect  .   (no cloak)
rCorr    .         Harm     .   (no gloves)
MR       .....                  (no boots)
Stlth    +++.......             i - amulet of the acrobat
HPRegen  0.15/turn              f - ring of stealth
MPRegen  0.09/turn              (no ring)

@: no status effects
A: retaliatory headbutt, horns 2
a: no special abilities


You were on level 3 of the Dungeon.
You were not hungry.

You visited 1 branch of the dungeon, and saw 3 of its levels.

You collected 84 gold pieces.

Inventory:

Armour
 a - a +0 robe (worn)
 k - a +0 animal skin
 l - a +2 helmet of see invisible
Jewellery
 f - a ring of stealth (left hand)
 i - an amulet of the acrobat (around neck)
Scrolls
 c - 3 scrolls of enchant weapon
 d - a scroll of identify
 n - a scroll of teleportation {unknown}
 o - a scroll of remove curse {unknown}
Potions
 e - 2 potions of magic {unknown}
 g - 2 potions of degeneration {unknown}
 h - a potion of lignification
 j - a potion of cancellation {unknown}
 m - a potion of berserk rage {unknown}
Comestibles
 b - 5 rations
 p - 2 chunks of flesh


   Skills:
 + Level 4.5 Fighting
 + Level 4.3 Dodging
 + Level 3.0 Stealth
 + Level 5.1 Unarmed Combat


You had 4 spell levels left.
You didn't know any spells.
Your spell library was empty.

Dungeon Overview and Level Annotations

Branches:
Dungeon (3/15)

Altars:
Nemelex Xobeh
Xom


Innate Abilities, Weirdness & Mutations

You reflexively headbutt those who attack you in melee.
You have a pair of horns on your head.


Message History

You barely miss the gnoll. The gnoll hits you with a halberd!
The gnoll hits you with a whip.
You hit the gnoll. You headbutt the gnoll.
The gnoll is heavily wounded.
The gnoll barely misses you. The gnoll hits you with a whip.
The gnoll barely misses you.
You hit the gnoll but do no damage.
The gnoll is heavily wounded.
The gnoll hits you with a whip!
* * * LOW HITPOINT WARNING * * *
The gnoll closely misses you.
You hit the gnoll but do no damage.
The gnoll is heavily wounded.
The gnoll closely misses you. The gnoll misses you.
You hit the gnoll. Your headbutt misses the gnoll.
The gnoll is almost dead.
The gnoll hits you with a halberd!
* * * LOW HITPOINT WARNING * * *
The gnoll hits you with a whip.
You die...

#...............##........
#...).).........##........
##....########## #......#'
#....# #################.
#....###.............o...
#....†............#######
#.................# #..
#......†..........# #..
.....##....@.........# #..
##### #....gg........# ###
#....(.........#
#..............#
#..............#
#..............#
#..............#
♣(...............#
ggg.#..............#


You could see 2 gnolls.

Vanquished Creatures
  Natasha (thrice) (D:3)
  Robin (D:3)
  2 gnolls (D:3)
  3 adders
  2 oozes
  A worm (D:2)
  6 leopard geckos
  An orc (D:2)
  7 bats
  6 giant cockroaches
  12 goblins
  11 hobgoblins
  6 jackals
  2 ball pythons (D:1)
  3 frilled lizards (D:3)
  7 kobolds
  A leopard gecko skeleton (D:3)
  4 rats
78 creatures vanquished.

Vanquished Creatures (others)
  A plant (D:3)
1 creature vanquished.

Grand Total: 79 creatures vanquished

Notes
Turn   | Place    | Note
-------+----------+-------------------------------------------
     0 | D:1      | senseless the Minotaur Monk began the quest for the Orb.
     0 | D:1      | Reached XP level 1. HP: 19/19 MP: 0/0
   155 | D:1      | Reached XP level 2. HP: 10/27 MP: 1/1
  1016 | D:2      | Reached XP level 3. HP: 33/33 MP: 2/2
  1121 | D:2      | Reached skill level 4 in Unarmed Combat
  1183 | D:2      | Found a sparkling altar of Nemelex Xobeh.
  1421 | D:2      | Reached XP level 4. HP: 32/41 MP: 3/3
  1639 | D:3      | Noticed Robin
  1667 | D:3      | Killed Robin
  2283 | D:3      | Noticed Natasha
  2295 | D:3      | Killed Natasha
  2295 | D:3      | Reached XP level 5. HP: 27/47 MP: 4/4
  2445 | D:3      | Found a shimmering altar of Xom.
  2710 | D:3      | Noticed Natasha
  2718 | D:3      | Killed Natasha
  2882 | D:3      | Noticed Natasha
  2889 | D:3      | Killed Natasha
  2889 | D:3      | Reached skill level 5 in Unarmed Combat
  2899 | D:3      | Slain by a gnoll

Skill      XL: |  1  2  3  4  5 |
---------------+----------------+-----
Fighting       | 4 |  4.5
Unarmed Combat | 4 5 |  5.1
Stealth        | 2 3 |  3.0
Dodging        | 4 |  4.3

Action                   |  1- 3 |  4- 6 || total
-------------------------+-------+-------++-------
Melee: Unarmed           |   104 |   108 ||   212
       Headbutt          |    13 |    12 ||    25
       Punch             |     1 |     2 ||     3
  Use: Scroll            |     3 |       ||     3
       Potion            |     1 |       ||     1
 Stab: Sleeping          |     7 |     2 ||     9
  Eat: Chunk             |     2 |     4 ||     6
Armor: Robe              |     6 |    11 ||    17
       Skin              |    14 |       ||    14
Dodge: Dodged            |    58 |    77 ||   135
